 Dungeon Crawl Stone Soup version 0.17-a0-719-g32c6a46 (webtiles) character file.

328 Ngotmuk the Shield-Bearer (level 6, -1/57 HPs)
             Began as a Deep Dwarf Fighter on Apr 20, 2015.
             Succumbed to an orc's poison
             ... on level 4 of the Dungeon.
             The game lasted 00:11:07 (2473 turns).

Ngotmuk the Shield-Bearer (Deep Dwarf Fighter)      Turns: 2473, Time: 00:11:08

Health: -1/57      AC:  9    Str: 21    XL:     6   Next: 25%
Magic:  6/6        EV:  7    Int:  9    God:
Gold:   277        SH: 10    Dex: 12    Spells: 0 memorised, 5 levels left

rFire  . . .     SeeInvis .     u - +4 mace
rCold  . . .     Clarity  .     b - +0 scale mail
rNeg   . . .     SustAb   .     c - +0 shield
rPois  .         Gourm    .     r - +1 helmet
rElec  .         Spirit   .     (no cloak)
rCorr  .         Warding  .     (no gloves)
rMut   .         Stasis   .     (no boots)
MR     .....                    (no amulet)
Stlth  ..........               (no ring)
                                (no ring)

@: lethally poisoned (-1 -> -28), non-regenerating, slowed, very slow, not
resistant to hostile enchantments, extremely unstealthy
A: damage resistance, recharge devices, sense surroundings 1, slow healing 3
a: Device Recharging


You were on level 4 of the Dungeon.
You were not hungry.

You visited 1 branch of the dungeon, and saw 4 of its levels.

You collected 277 gold pieces.

Inventory:

Hand weapons
 j - a +2 whip of holy wrath
 u - a +4 mace (weapon)
Armour
 b - a +0 scale mail (worn)
 c - a +0 shield (worn)
 r - a +1 helmet (worn)
Magical devices
 d - a wand of heal wounds (1)
 f - a wand of flame (22)
Scrolls
 g - 7 scrolls of remove curse {unknown}
 i - a scroll of teleportation {unknown}
 l - a scroll of magic mapping {unknown}
 m - a scroll of recharging {unknown}
 n - 2 scrolls of blinking {unknown}
 o - a scroll of amnesia {unknown}
 p - a scroll of fog {unknown}
 t - 3 scrolls of noise {unknown}
Potions
 a - a potion of ambrosia {unknown}
 e - a potion of might
 k - a potion of brilliance {unknown}
 q - a potion of agility {unknown}
 x - a potion of curing {unknown}
Comestibles
 h - 5 meat rations
 s - a bread ration
 v - a slice of pizza
 w - 3 fruits


   Skills:
 + Level 4.0 Fighting
 + Level 3.9 Maces & Flails
 + Level 4.5 Armour
 + Level 4.6 Shields


You had 5 spell levels left.
You didn't know any spells.

Dungeon Overview and Level Annotations

Branches:
Dungeon (4/15)
 Temple: D:4-7

Altars:
Ashenzari
Dithmenos

Shops:
D:4 ?


Innate Abilities, Weirdness & Mutations

You are resistant to damage.
You can recharge devices by infusing magical energy.
You passively map a small area around you.
You do not heal naturally.


Message History

The orc closely misses you.
You thump the orc!
You kill the orc!
* * * LOW HITPOINT WARNING * * *
You feel very sick. You block the jackal's attack. The jackal bites you.
You block the orc's attack. x2
The jackal bites you but does no damage.
The orc hits you but does no damage.
You are more poisoned.
You closely miss the orc.
The orc is heavily wounded.
* * * LOW HITPOINT WARNING * * *
You feel very sick. You block the jackal's attack.
The orc hits you with a club.
The jackal bites you but does no damage.
The orc hits you but does no damage. You block the orc's attack.
The jackal barely misses you. The orc hits you but does no damage.
You are more poisoned.
You die...

.....#..........##.......%
.....#..........##.#.......
,*
.....#..........##........#
.....#..........##....!...#
................##........#
...................)..# * *
......####'##...oh)...#
...........<#.....o...#
#......###.##...@)....#
#####..##...#........##
.####..##...#......!.#
.'.....##...†....#+###
.#####..#..##.##†#
...........##....#,
######.........### ,
+.........+ * **
#.........#


You could see 2 orcs and a jackal.

Vanquished Creatures
  A hound (D:4)
  Ijyb (D:2)
  Natasha (D:3)
  3 orc wizards (D:4)
  5 adders
  2 oozes
  5 worms
  2 giant geckos (D:4)
  7 orcs
  5 bats
  7 giant cockroaches
  9 goblins
  5 hobgoblins
  14 jackals
  2 quokkas (D:2)
  7 giant newts
  12 kobolds
  9 rats
97 creatures vanquished.

Notes
Turn   | Place    | Note
--------------------------------------------------------------
     0 | D:1      | Ngotmuk, the Deep Dwarf Fighter, began the quest for the Orb.
     0 | D:1      | Reached XP level 1. HP: 20/20 MP: 1/1
    91 | D:1      | Found a shattered altar of Ashenzari.
   157 | D:1      | Reached XP level 2. HP: 25/27 MP: 2/2
   790 | D:2      | Reached XP level 3. HP: 27/34 MP: 3/3
  1001 | D:2      | Found a shadowy altar of Dithmenos.
  1132 | D:2      | Noticed Ijyb
  1150 | D:2      | Killed Ijyb
  1150 | D:2      | Reached XP level 4. HP: 12/42 MP: 4/4
  1342 | D:3      | Reached skill level 4 in Shields
  1569 | D:3      | Reached XP level 5. HP: 17/49 MP: 5/5
  1959 | D:3      | Noticed Natasha
  1961 | D:3      | Killed Natasha
  2211 | D:4      | Found Pozu's Magic Scroll Boutique.
  2378 | D:4      | Reached XP level 6. HP: 25/57 MP: 6/6
  2473 | D:4      | Succumbed to an orc's poison

Action                   |  1- 3 |  4- 6 || total
-------------------------+-------+-------++-------
Melee: Flail             |    35 |       ||    35
       Whip              |   103 |   121 ||   224
       Mace              |       |    64 ||    64
Evoke: Wand              |     1 |     3 ||     4
  Eat: Bread ration      |     1 |       ||     1
       Fruit             |       |     1 ||     1
